 Dungeon Crawl Stone Soup version 0.29.0-4-gdea44cf6ec (webtiles) character file.

Game seed: 1084424818169701993

4 qw the Chopper (level 1, -4/12 HPs)
             Began as a Tengu Warper on Aug 28, 2022.
             Slain by a gnoll
             ... wielding a +0 whip
              (8 damage)
             ... on level 1 of the Dungeon.
             The game lasted 00:00:00 (170 turns).

qw the Chopper (Tengu Warper)                        Turns: 170, Time: 00:00:01

Health: -4/12      AC:  3    Str: 11    XL:     1   Next: 70%
Magic:  4/4        EV: 11    Int: 13    God:
Gold:   7          SH:  0    Dex: 13    Spells: 4/4 levels left

rFire   . . .      SeeInvis .   a - +0 hand axe
rCold   . . .      Faith    .   (no shield)
rNeg    . . .      Spirit   .   b - +0 leather armour
rPois   .          Reflect  .   (helmet restricted)
rElec   .          Harm     .   (no cloak)
rCorr   .          Rampage  .   (no gloves)
Will    .....                   (boots unavailable)
Stlth   +.........              (no amulet)
HPRegen 0.04/turn               (no ring)
MPRegen 0.09/turn               (no ring)

@: no status effects
A: beak, talons 3
a: no special abilities


You were on level 1 of the Dungeon.
You visited 1 branch of the dungeon, and saw 1 of its levels.

You collected 7 gold pieces.


Innate Abilities, Weirdness & Mutations

You have a beak for a mouth.
You have claws for feet.


   Skills:
 - Level 2.0 Fighting
 + Level 2.7 Axes
 - Level 1.0 Throwing
 - Level 1.1 Armour
 - Level 2.1 Dodging
 - Level 2.0 Spellcasting
 - Level 2.4 Translocations


You had 4 spell levels left.
You didn't know any spells.
Your spell library contained the following spells:

 Spells                   Type           Power      Damage    Failure   Level
 Blink                    Tloc           14%        N/A       19%         2
 Gell's Gravitas          Tloc           7%         N/A       36%         3
 Lesser Beckoning         Tloc           7%         N/A       36%         3
 Teleport Other           Tloc           7%         N/A       36%         3
 Manifold Assault         Tloc           7%         N/A       98%         5

Inventory:

Hand Weapons
 a - a +0 hand axe (weapon)
 e - a +0 whip
Armour
 b - a +0 leather armour (worn)
Jewellery
 f - an amulet of faith
Scrolls
 c - a scroll of blinking
 d - a scroll of identify {unknown}
 h - a scroll of immolation {unknown}
Potions
 g - a potion of lignification {unknown}
 i - a potion of might {unknown}

Dungeon Overview and Level Annotations

Branches:
Dungeon (1/15)

Altars:


Message History

The boomerang of dispersal hits the giant cockroach.
The giant cockroach blinks!
The giant cockroach is almost dead.
You hit the giant cockroach.
You kill the giant cockroach!
Found a stone staircase leading down.
A rat comes into view.
You barely miss the rat. Your punch misses the rat. The rat misses you.
The rat barely misses you.
You barely miss the rat. You claw the rat, but do no damage.
The rat closely misses you.
You hit the rat.
You kill the rat!
d - a scroll labelled GIPHOEDOPEN
Found 3 stones.
You now have 5 gold pieces (gained 3).
h - a scroll labelled MOODDO VUUGE You see here 3 stones.
A quokka comes into view.
You closely miss the quokka. You claw the quokka.
You kill the quokka!
You open the door.
There is an open door here.
You now have 7 gold pieces (gained 2).
As you open the door, it creaks loudly!
i - a white potion
Enter note: You open the door.
A gnoll comes into view. It is wielding a +0 whip.
The gnoll shouts!
You hit the gnoll. Your kick misses the gnoll.
The gnoll is heavily wounded.
The gnoll hits you with a +0 whip.
You barely miss the gnoll. Your peck misses the gnoll.
The gnoll is heavily wounded.
The gnoll hits you with a +0 whip!
Ouch! That really hurt!
The gnoll hits you with a +0 whip!
Ouch! That really hurt!
You die...

####### .....## .....# ....#
... #g# #@#
################.#############
.....................#.......#
#........#######.###.#.#####.##
#........#######.# #.#.#......#
'........'.....#.# #.#.......#
#........#####.#.###.#...###.#
#........# #.............#
########## #%#.#.###.....# #


You could see a gnoll.

Vanquished Creatures
  A giant cockroach (D:1)
  A quokka (D:1)
  3 rats (D:1)
5 creatures vanquished.

Notes
Turn   | Place    | Note
-------+----------+-------------------------------------------
     0 | D:1      | qw the Tengu Warper began the quest for the Orb.
     0 | D:1      | Reached XP level 1. HP: 12/12 MP: 4/4
     0 | D:1      | 0 ||| qw: Version: 0.1-a-89-g26bdef1
     0 | D:1      | 0 ||| qw: Game counter: 1359
     0 | D:1      | 0 ||| qw: Always use a shield: true
     0 | D:1      | 0 ||| qw: God list: Okawaru
     0 | D:1      | 0 ||| qw: Allow faded altars: false
     0 | D:1      | 0 ||| qw: Do Orc after D:15 true
     0 | D:1      | 0 ||| qw: Do second Lair branch before Depths: true
     0 | D:1      | 0 ||| qw: Lair rune preference: random
     0 | D:1      | 0 ||| qw: Plans: Normal
     0 | D:1      | 0 ||| PLANNING D:1-11
   170 | D:1      | Slain by a gnoll

Levels and vault maps discovered:
D:1:      ncdulo_halloftheorcs, layout_basic, minmay_3d_cube

Action                   || total
-------------------------++-------
Melee: Hand axe          ||     7
       Kick              ||     2
Throw: Boomerang         ||     7
Dodge: Dodged            ||     3

Table legend:
 A = Non-vault XP
 B = Vault XP
 C = Vault XP percentage of total XP
 D = Non-vault monster count
 E = Vault monster count
 F = Vault count percentage of total count
                 A         B        C        D         E       F
            +---------+---------+-------+---------+---------+-------
      Total |       7 |       0 |   0.0 |       5 |       0 |   0.0
            +---------+---------+-------+---------+---------+-------
        D:1 |       7 |       0 |   0.0 |       5 |       0 |   0.0
            +---------+---------+-------+---------+---------+-------
